 Dungeon Crawl Stone Soup version 0.21.1-1-g345015fe64 (webtiles) character file.

48890 RepoMan the Severer (level 14, -7/129 HPs)
             Began as a Hill Orc Fighter on Apr 29, 2018.
             Was a High Priest of Beogh.
             Killed from afar by a deep elf mage (9 damage)
             ... with a bolt of lightning
             ... on level 2 of the Elven Halls.
             The game lasted 01:48:11 (18755 turns).

RepoMan the Severer (Hill Orc Fighter)             Turns: 18755, Time: 01:48:11

Health: -7/129     AC: 21    Str: 22    XL:     14   Next: 48%
Magic:  17/17      EV: 11    Int:  8    God:    Beogh [*****.]
Gold:   678        SH: 14    Dex: 17    Spells: 13/13 levels left

rFire    + + +     SeeInvis .   a - +8 mithril axe "Arga" {speed, MR+}
rCold    . . .     Gourm    .   c - +1 shield
rNeg     + + .     Faith    .   E - +0 plate armour
rPois    +         Spirit   .   S - -1 helmet of Ciochodgh {rF++ rN++}
rElec    .         Reflect  .   r - +0 cloak
rCorr    .         Harm     .   O - +1 pair of gloves
MR       ++...                  o - +0 pair of boots
Stlth    ..........             J - amulet of magic regeneration
HPRegen  0.31/turn              P - ring of protection from fire
MPRegen  0.40/turn              p - ring of poison resistance

@: agile
A: walk on water
a: Smiting, Recall Orcish Followers, Give Item to Named Follower, Renounce
Religion


You were on level 2 of the Elven Halls.
You worshipped Beogh.
Beogh was extremely pleased with you.
You were not hungry.

You visited 4 branches of the dungeon, and saw 19 of its levels.
You also visited: Sewer and Bailey.

You collected 2009 gold pieces.
You spent 1331 gold pieces at shops.

Inventory:

Hand Weapons
 a - the +8 mithril axe "Arga" (weapon) {speed, MR+}
   (You bought it in a shop on level 5 of the Dungeon)

   Attacks with this weapon are significantly faster.
   It affects your resistance to hostile enchantments.
 b - a +4 battleaxe of flaming
Missiles
 g - 85 bolts
 l - 8 javelins (quivered)
Armour
 c - a +1 shield (worn)
 o - a +0 pair of boots (worn)
 r - a +0 cloak (worn)
 E - a +0 plate armour (worn)
 O - a +1 pair of gloves (worn)
 S - the -1 helmet of Ciochodgh (worn) {rF++ rN++}
   (You found it on level 10 of the Dungeon)

   It greatly protects you from fire.
   It greatly protects you from negative energy.
Jewellery
 p - a ring of poison resistance (right hand)
 J - an amulet of magic regeneration (around neck)
 P - a ring of protection from fire (left hand)
Wands
 m - a wand of iceblast (11)
 n - a wand of enslavement (7)
 I - a wand of disintegration (14)
 M - a wand of paralysis (26)
 T - a wand of flame (40)
 W - a wand of polymorph (11)
 Y - a wand of acid (7)
Scrolls
 d - a scroll of fear
 k - a scroll of identify
 s - 6 scrolls of teleportation
 t - 3 scrolls of immolation
 u - 9 scrolls of remove curse
 B - 4 scrolls of silence
 F - a scroll of torment {unknown}
 H - a scroll of amnesia
 K - 3 scrolls of enchant armour
 Q - 2 scrolls of fog {unknown}
 R - a scroll of vulnerability {unknown}
 U - a scroll of holy word {unknown}
 V - a scroll of magic mapping
Potions
 e - a potion of lignification
 h - a potion of magic
 i - 2 potions of might
 j - 6 potions of brilliance
 v - a potion of berserk rage
 w - 4 potions of cancellation
 x - 9 potions of curing
 G - 3 potions of ambrosia
 L - a potion of haste
 X - a potion of flight
Books
 y - a book of Flames

   Spells                             Type                      Level
   a - Flame Tongue                   Conjuration/Fire             1
   b - Throw Flame                    Conjuration/Fire             2
   c - Conjure Flame                  Conjuration/Fire             3
   d - Inner Flame                    Hexes/Fire                   3
   e - Sticky Flame                   Conjuration/Fire             4
   f - Fireball                       Conjuration/Fire             5
 A - a book of Minor Magic

   Spells                             Type                      Level
   a - Magic Dart                     Conjuration                  1
   b - Blink                          Translocation                2
   c - Call Imp                       Summoning                    2
   d - Slow                           Hexes                        2
   e - Conjure Flame                  Conjuration/Fire             3
   f - Mephitic Cloud                 Conjuration/Poison/Air       3
 C - a book of Misfortune

   Spells                             Type                      Level
   a - Confusing Touch                Hexes                        1
   b - Confuse                        Hexes                        3
   c - Gell's Gravitas                Translocation                3
   d - Petrify                        Transmutation/Earth          4
   e - Metabolic Englaciation         Hexes/Ice                    5
   f - Yara's Violent Unravelling     Hexes/Transmutation          5
 N - a book of Necromancy

   Spells                             Type                      Level
   a - Pain                           Necromancy                   1
   b - Animate Skeleton               Necromancy                   1
   c - Vampiric Draining              Necromancy                   3
   d - Regeneration                   Charms/Necromancy            3
   e - Animate Dead                   Necromancy                   4
   f - Borgnjor's Vile Clutch         Necromancy/Earth             5
Miscellaneous
 q - a fan of gales
Comestibles
 f - 20 rations
 z - 7 chunks of flesh


   Skills:
 + Level 13.4 Fighting
 * Level 15.5(17.0) Axes
   Level 10.6(13.3) Maces & Flails
 + Level 12.4 Armour
 + Level 12.4 Shields
 - Level 4.1 Invocations


You had 13 spell levels left.
You didn't know any spells.

Dungeon Overview and Level Annotations

Branches:
Dungeon (14/15)            Temple (1/1) D:7            Lair (0/6) D:11
    Orc (2/2) D:12            Elf (2/3) Orc:2
 Vaults: D:13-14

Altars:
Dithmenos
Elyvilon
Fedhas
Kikubaaqudgha
Makhleb
Qazlal
Ru
Trog
Uskayaw
Vehumet
Wu Jian
Beogh

Shops:
D:5 (   D:10 %   Orc:2 ?*?%   Elf:2 }=}


Message History

Unknown command.
You slash the deep elf mage!
The deep elf mage is severely wounded.
You slash the fire elemental! The deep elf mage casts a spell at you.
The bolt of lightning hits the fire elemental.
The fire elemental resists.
The bolt of lightning hits you!
* * * LOW HITPOINT WARNING * * *
The bolt of lightning hits Blodwig.
The fire elemental closely misses you.
Unknown command.
Unknown command.
You swap places.
The fire elemental misses Blodwig.
The deep elf mage barely misses Blodwig.
The fire elemental hits Blodwig.
The fire elemental burns Blodwig!
The deep elf mage casts a spell at you.
The bolt of lightning hits the fire elemental.
The fire elemental resists.
The bolt of lightning hits Blodwig.
Blodwig dies!
The bolt of lightning hits you!
You die...

##...## # #.....# #
##..e..## ##
#.e.....# #.
##...§...## #.
#.....§§..# #.
#...§EEe..# ♣♣♣♣♣##
#)# ♣♣P.P♣♣# #@#
♣♣..∩..♣♣ #o###
♣.∩...∩.♣ ##...#
♣P..⌠..P♣ ###..).#
♣PP...PP♣
#......#####♣♣♣♣o♣♣♣♣
###....'..'#####.##
###..####..)))).#
#### ##..)..##
##..)#(##


You could see a deep elf archer, 2 deep elf magi, 2 fire elementals and the
friendly Blodwig the orc knight.

Vanquished Creatures
  A deep elf demonologist (Elf:2)
  A hydra (D:12)
  The ghost of tensugalgo the Basher, a journeyman GrGl of Okawaru (D:10)
  3 dancing weapons (Elf:1)
  6 two-headed ogres
  An orc high priest (Orc:2)
  5 deep elf knights (Elf:1)
  7 hell knights (D:12)
  4 deep elf archers
  2 orc knights
  Pikel (D:4)
  A necromancer (D:12)
  An ugly thing (D:14)
  An orc sorcerer (Orc:2)
  14 deep elf magi
  A cyclops (Orc:2)
  A centaur zombie (D:12)
  4 trolls
  A hippogriff (D:12)
  Sigmund (D:4)
  2 water elementals
  An air elemental (Elf:1)
  9 yaks
  2 wyverns (D:8)
  3 fire elementals
  A hungry ghost (D:11)
  3 wargs (Orc:1)
  21 orc warriors
  A sky beast (D:10)
  7 hell hounds (D:12)
  4 ice beasts
  2 phantoms
  A slave (D:4)
  2 black bears (D:7)
  9 ogres
  The ghost of kampsun the Skirmisher, an amateur DsBe of Trog (D:3)
  15 centaurs
  A big kobold (D:7)
  6 bullfrogs
  4 earth elementals
  A wyvern zombie (D:14)
  3 scorpions
  13 killer bees
  7 wights
  4 howler monkeys
  2 crimson imps
  4 jellies
  3 bullfrog skeletons
  4 hounds
  10 orc priests
  2 centaur skeletons
  3 iguanas
  9 orc wizards
  9 worker ants
  A hound zombie (D:7)
  3 hound skeletons
  A river rat (D:5)
  16 adders
  5 gnolls
  2 shadow imps (D:8)
  An adder skeleton (D:4)
  An adder zombie (D:8)
  5 worms
  A dart slug (D:2)
  2 leopard geckos
  23 orcs
  6 giant cockroaches
  3 goblins
  11 hobgoblins
  4 jackals (Sewer)
  14 kobolds
  6 quokkas
  2 ball pythons (Sewer)
  5 bats
  6 frilled lizards
  A leopard gecko zombie (D:9)
  2 quokka skeletons (D:4)
  5 rats
  5 plants (Sewer)
357 creatures vanquished.

Vanquished Creatures (collateral kills)
  4 dancing weapons (Elf:1)
  4 two-headed ogres
  An orc high priest (Orc:2)
  2 deep elf knights (Elf:1)
  A hell knight (D:12)
  2 orc knights (Orc:2)
  4 orc sorcerers
  9 deep elf magi (Elf:1)
  An ugly thing (D:12)
  Joseph (D:8)
  Psyche (D:12)
  A gargoyle (D:10)
  2 trolls
  A meliai (shapeshifter) (Elf:1)
  A fire elemental (Elf:2)
  A yak (D:10)
  A hungry ghost (D:11)
  A warg (Orc:1)
  2 hell hounds (D:11)
  11 orc warriors
  A black bear (D:10)
  An ice beast (D:10)
  A phantom (D:10)
  7 ogres
  A centaur (D:8)
  A bullfrog (D:10)
  An earth elemental (Elf:1)
  A scorpion (D:8)
  3 wights
  A crimson imp (D:11)
  A bullfrog zombie (D:10)
  2 orc priests (Orc:2)
  2 orc wizards
  A shadow imp (D:11)
  11 orcs
  5 goblins
  7 kobolds (Bailey)
98 creatures vanquished.

Vanquished Creatures (others)
  A deep elf knight (Elf:2)
  3 orc knights
  An orc sorcerer (Orc:2)
  8 orc warriors
  4 orc wizards
  11 orc priests
  A leopard gecko (D:3)
  39 orcs
  2 giant cockroaches (D:3)
70 creatures vanquished.

Grand Total: 525 creatures vanquished

Notes
Turn   | Place    | Note
-------+----------+-------------------------------------------
     0 | D:1      | RepoMan the Hill Orc Fighter began the quest for the Orb.
     0 | D:1      | Reached XP level 1. HP: 19/19 MP: 1/1
   210 | D:1      | Reached XP level 2. HP: 25/27 MP: 2/2
   817 | D:2      | Reached XP level 3. HP: 33/33 MP: 3/3
  1221 | D:2      | Found a stormy altar of Qazlal.
  1226 | D:2      | Found an ornate altar of the Wu Jian Council.
  1227 | D:2      | Found a shadowy altar of Dithmenos.
  1231 | D:2      | Found a white marble altar of Elyvilon.
  1232 | D:2      | Found a radiant altar of Vehumet.
  1323 | D:2      | Found a burning altar of Makhleb.
  1689 | D:3      | Noticed kampsun's ghost (amateur DsBe)
  1697 | D:3      | Killed kampsun's ghost
  1697 | D:3      | Reached XP level 4. HP: 34/41 MP: 4/4
  1697 | D:3      | Reached XP level 5. HP: 39/47 MP: 5/5
  1719 | D:3      | Became a worshipper of Beogh the Brigand
  1828 | D:3      | HP: 2/47 [orc/hand axe (1)]
  2223 | D:3      | Reached XP level 6. HP: 41/53 MP: 6/6
  2665 | D:4      | Noticed a phantom
  2705 | D:4      | Killed a phantom
  2705 | D:4      | Reached skill level 5 in Fighting
  2945 | D:4      | Reached skill level 5 in Maces & Flails
  3159 | D:4      | Noticed Sigmund
  3169 | D:4      | Killed Sigmund
  3169 | D:4      | Reached skill level 1 in Invocations
  3169 | D:4      | Reached XP level 7. HP: 50/61 MP: 6/8
  3476 | D:4      | Noticed Pikel
  3486 | D:4      | Killed Pikel
  3486 | D:4      | Reached skill level 5 in Armour
  3486 | D:4      | Reached skill level 5 in Shields
  3486 | D:4      | Reached XP level 8. HP: 61/70 MP: 8/10
  3746 | D:5      | Entered Level 5 of the Dungeon
  3913 | D:5      | Found Jonej's Weapon Emporium.
  3983 | D:5      | Reached * piety under Beogh
  4012 | D:5      | Found a bloodstained altar of Trog.
  4075 | D:5      | Found a glowing drain.
  4087 | Sewer    | Entered a sewer
  4942 | D:5      | Reached XP level 9. HP: 22/78 MP: 12/12
  5219 | D:5      | Reached ** piety under Beogh
  6781 | D:7      | Reached XP level 10. HP: 32/88 MP: 13/13
  7123 | D:7      | Found a hide-covered altar of Uskayaw.
  7273 | D:7      | Reached *** piety under Beogh
  7288 | D:7      | Reached skill level 10 in Maces & Flails
  7365 | D:7      | Found a staircase to the Ecumenical Temple.
  7373 | Temple   | Entered the Ecumenical Temple
  7763 | D:8      | Noticed a two-headed ogre
  8063 | D:8      | Killed a two-headed ogre
  8098 | D:8      | Found a sacrificial altar of Ru.
  8123 | D:8      | Noticed Joseph
  8134 | D:8      | Killed Joseph
  8134 | D:8      | Reached skill level 1 in Axes
  8294 | D:8      | Reached skill level 2 in Axes
  8541 | D:8      | Noticed a two-headed ogre
  8547 | D:8      | Killed a two-headed ogre
  8547 | D:8      | Reached skill level 3 in Axes
  9099 | D:9      | Found an ancient bone altar of Kikubaaqudgha.
  9236 | D:9      | Found a blossoming altar of Fedhas.
  9279 | D:9      | Reached skill level 4 in Axes
  9290 | D:9      | Reached XP level 11. HP: 95/97 MP: 14/14
  9728 | D:10     | Entered Level 10 of the Dungeon
  9853 | D:10     | Noticed tensugalgo's ghost (journeyman GrGl)
  9898 | D:10     | Killed tensugalgo's ghost
  9898 | D:10     | Reached skill level 5 in Axes
 10791 | D:10     | Reached skill level 6 in Axes
 10802 | D:10     | Got a smoking helmet
 10824 | D:10     | Identified the cursed -1 helmet of Ciochodgh {rF++ rN++} (You found it on level 10 of the Dungeon)
 10955 | D:10     | Found Qasuuk's Food Shoppe.
 11332 | D:11     | Noticed a two-headed ogre
 11339 | D:11     | Killed a two-headed ogre
 11385 | D:11     | Noticed a two-headed ogre
 11395 | D:11     | Killed a two-headed ogre
 11395 | D:11     | Reached **** piety under Beogh
 11395 | D:11     | Reached skill level 10 in Fighting
 11395 | D:11     | Reached skill level 7 in Axes
 11447 | D:11     | Found a flagged portal.
 11535 | Bailey   | Entered a bailey
 12206 | D:11     | Found a staircase to the Lair.
 12210 | D:11     | Noticed a two-headed ogre
 12219 | D:11     | Killed a two-headed ogre
 12364 | D:11     | You fall through a shaft for 3 floors!
 12365 | D:14     | Noticed a purple ugly thing
 12378 | D:14     | Noticed a purple ugly thing
 12380 | D:14     | Noticed a purple ugly thing
 12392 | D:14     | Reached skill level 8 in Axes
 12401 | D:14     | Killed a cyan ugly thing
 12997 | D:5      | Bought the +8 mithril axe "Arga" {speed, MR+} for 839 gold pieces
 12997 | D:5      | Found the +8 mithril axe "Arga" {speed, MR+}
 13203 | D:12     | Noticed a six-headed hydra
 13226 | D:12     | Killed a six-headed hydra
 13226 | D:12     | Reached skill level 9 in Axes
 13226 | D:12     | Reached XP level 12. HP: 54/108 MP: 15/15
 13306 | D:12     | Reached skill level 10 in Shields
 13315 | D:12     | Noticed a hell knight
 13317 | D:12     | Reached skill level 10 in Armour
 13324 | D:12     | Noticed a hell knight
 13326 | D:12     | Killed a hell knight
 13326 | D:12     | Reached skill level 10 in Axes
 13330 | D:12     | Noticed a hell knight
 13332 | D:12     | Killed a hell knight
 13340 | D:12     | Killed a hell knight
 13648 | D:12     | Noticed a hell knight
 13663 | D:12     | Killed a hell knight
 14013 | D:12     | Reached skill level 11 in Axes
 14095 | D:12     | Found a staircase to the Orcish Mines.
 14363 | D:12     | Noticed Psyche
 14368 | D:12     | Killed Psyche
 14386 | Orc:1    | Entered Level 1 of the Orcish Mines
 14597 | Orc:1    | Reached skill level 12 in Axes
 14774 | Orc:2    | Entered Level 2 of the Orcish Mines
 14774 | Orc:2    | Noticed a two-headed ogre
 14780 | Orc:2    | Killed a two-headed ogre
 14780 | Orc:2    | Reached XP level 13. HP: 101/117 MP: 16/16
 15518 | Orc:2    | Found a roughly hewn altar of Beogh.
 15548 | Orc:2    | Reached ***** piety under Beogh
 15708 | Orc:2    | Found Xato Leka's Magic Scroll Boutique.
 15713 | Orc:2    | Bought a scroll of identify for 28 gold pieces
 15713 | Orc:2    | Bought a scroll of identify for 28 gold pieces
 15713 | Orc:2    | Bought a scroll of identify for 28 gold pieces
 15719 | Orc:2    | Found Ofufraog's Assorted Antiques.
 15724 | Orc:2    | Bought a pair of ichor-stained boots for 228 gold pieces
 15742 | Orc:2    | Identified the -6 pair of boots "Irexyl" {Int+6 SInv} (You bought it in a shop on level 2 of the Orcish Mines)
 15844 | Orc:2    | Reached skill level 13 in Axes
 16447 | Orc:2    | Found a staircase to the Elven Halls.
 16507 | Orc:2    | Paralysed by an orc sorcerer for 7 turns
 16619 | Orc:2    | Noticed an orc warlord
 16628 | Orc:2    | Found a roughly hewn altar of Beogh.
 16886 | Orc:2    | Found Rale's Magic Scroll Shop.
 17008 | Orc:2    | Found Kopt's Food Boutique.
 17034 | Orc:2    | Bought a ration for 60 gold pieces
 17034 | Orc:2    | Bought a ration for 60 gold pieces
 17034 | Orc:2    | Bought a ration for 60 gold pieces
 17186 | Elf:1    | Entered Level 1 of the Elven Halls
 17412 | Elf:1    | Gained Bogwik as an ally
 17522 | Elf:1    | Gained Orkwin as an ally
 17620 | Elf:1    | Reached skill level 14 in Axes
 17672 | Elf:1    | Gained Norbak as an ally
 17887 | Elf:1    | Your ally Bogwik died
 17910 | Elf:1    | Reached XP level 14. HP: 99/127 MP: 17/17
 18452 | Elf:2    | Reached skill level 15 in Axes
 18656 | Elf:2    | Noticed a deep elf demonologist
 18656 | Elf:2    | Found Yvveq's Jewellery Shop.
 18657 | Elf:2    | Found Viep's Gadget Emporium.
 18661 | Elf:2    | Gained Blodwig as an ally
 18663 | Elf:2    | Killed a deep elf demonologist
 18678 | Elf:2    | Found Umyuma Wifa's Gadget Emporium.
 18748 | Elf:2    | Gained Blodwig as an ally
 18754 | Elf:2    | HP: 1/129 [deep elf mage/bolt of lightning (32)]
 18755 | Elf:2    | Your ally Blodwig died
 18755 | Elf:2    | Killed from afar by a deep elf mage

Skill      XL: |  1  2  3  4  5  6  7  8  9 10 11 12 13 14 |
---------------+-------------------------------------------+-----
Fighting       | 4 5 6 8 9 10 11 12 13 | 13.4
Maces & Flails | 3 4 5 6 7 9 10 | 10.6
Armour         | 4 5 6 7 8 9 10 11 12 | 12.4
Shields        | 4 5 6 7 8 9 10 11 12 | 12.4
Invocations    | 1 3 4 |  4.1
Axes           | 4 9 12 14 15 | 15.5

Action                   |  1- 3 |  4- 6 |  7- 9 | 10-12 | 13-15 || total
-------------------------+-------+-------+-------+-------+-------++-------
Melee: Flail             |    89 |   109 |   568 |   228 |       ||   994
       Whip              |       |       |     6 |    12 |       ||    18
       War axe           |       |       |       |   263 |       ||   263
       Broad axe         |       |       |       |   183 |   347 ||   530
Invok: Convert to Beogh  |       |     1 |       |       |       ||     1
       Smiting           |       |       |     2 |     9 |     2 ||    13
       Recall Orcish Fol |       |       |       |     2 |     1 ||     3
Evoke: Wand              |       |       |     6 |     2 |       ||     8
  Use: Potion            |     1 |     1 |     3 |    10 |     2 ||    17
       Scroll            |       |       |    15 |     7 |     6 ||    28
 Stab: Distracted        |       |       |       |     2 |     5 ||     7
       Paralysed         |       |       |       |     6 |       ||     6
  Eat: Chunk             |     3 |     1 |     9 |    15 |     4 ||    32
       Ration            |       |     1 |     1 |     4 |     3 ||     9
Armor: Scale mail        |    33 |    31 |   147 |     5 |       ||   216
       Plate armour      |       |       |       |   319 |    87 ||   406
Dodge: Dodged            |    22 |    26 |   107 |   137 |    33 ||   325
Block: Shield            |    46 |    36 |   245 |   437 |   133 ||   897
